 Dungeon Crawl Stone Soup version 0.30.0-11-gf55b779eaf (webtiles) character file.

Game seed: 7529145083899196623

46 Edyrem the Sneak (level 3, -1/22 HPs)
             Began as a Kobold Enchanter on May 16, 2023.
             Frozen to death by an endoplasm (4 damage)
             ... on level 1 of the Dungeon.
             The game lasted 00:02:30 (717 turns).

Edyrem the Sneak (Kobold Enchanter)                  Turns: 717, Time: 00:02:31

Health: -1/22      AC:  2    Str:  5    XL:     3   Next: 92%
Magic:  2/6        EV: 15    Int: 16    God:
Gold:   66         SH:  5    Dex: 17    Spells: 4/6 levels left

rFire   . . .        a - +1 dagger
rCold   . . .        (no shield)
rNeg    . . .        b - +0 robe
rPois   .            (no helmet)
rElec   .            h - scarf {+Inv}
rCorr   .            (no gloves)
SInv    .            (no boots)
Will    .....        e - amulet of reflection
Stlth   ++++         (no ring)
HPRegen 0.23/turn    (no ring)
MPRegen 0.10/turn

%: reflection
@: no status effects
A: small, no large weapons, nightstalker 3
a: Evoke Invisibility


You were on level 1 of the Dungeon.
You visited 1 branch of the dungeon, and saw 2 of its levels.

You collected 66 gold pieces.

Inventory:

Hand Weapons
 a - a +1 dagger (weapon)
Armour
 b - a +0 robe (worn)
 h - a scarf of invisibility (worn)
Jewellery
 e - an amulet of reflection (around neck)
Scrolls
 d - 3 scrolls of fog {unknown}
 g - a scroll of blinking {unknown}
 i - a scroll of enchant armour {unknown}
Potions
 c - 2 potions of invisibility
 f - a potion of ambrosia {unknown}


   Skills:
 + Level 2.3 Fighting
 - Level 1.3 Short Blades
 - Level 2.4 Dodging
 + Level 5.3 Stealth
 - Level 2.1 Spellcasting
 - Level 3.0 Hexes


You had 4 spell levels left.
You knew the following spells:

 Your Spells              Type           Power      Damage    Failure   Level
a - Ensorcelled Hibernat  Hex/Ice        12%        N/A       17%         2

Your spell library contained the following spells:

 Spells                   Type           Power      Damage    Failure   Level
 Confusing Touch          Hex            11%        N/A       19%         3
 Tukima's Dance           Hex            11%        N/A       19%         3
 Apportation              Tloc           2%         N/A       21%         1
 Dazzling Flash           Conj/Hex       12%        N/A       32%         3
 Alistair's Intoxication  Tmut/Pois      0%         N/A       99%         5


Dungeon Overview and Level Annotations

Branches:
Dungeon (2/15)

Altars:


Innate Abilities, Weirdness & Mutations

You are small and have problems with some larger weapons.
You are completely attuned to the shadows.


Message History

You hit the quokka but do no damage.
The quokka is almost dead.
The quokka misses you.
Okay, then.
The quokka attacks as you move away! The quokka closely misses you.
The quokka barely misses you. The quokka attacks as you move away!
You block the quokka's attack.
The ball python attacks as you move away!
The ball python bites you but does no damage.
The ball python closely misses you. The quokka attacks as you move away!
The quokka misses you.
The ball python attacks as you move away!
The ball python bites you but does no damage.
The ball python misses you. The quokka attacks as you move away!
The quokka closely misses you. The quokka closely misses you.
You block the ball python's attack. The ball python closely misses you.
Aiming: Ensorcelled Hibernation (safe; 17% risk of failure)
Press: ? - help, Q - select action, (/) - cycle Shift-Dir - straight line, f - ball python
Aim: a ball python (chance to affect: 57%)
The ball python looks drowsy...
The helpless ball python fails to defend itself.
You impale the ball python!!
You kill the ball python!
You hit the quokka.
You kill the quokka!
You hit the ball python.
The ball python is severely wounded.
The ball python barely misses you. The ball python grabs you.
The ball python constricts you.
You hit the ball python.
You kill the ball python!
You barely miss the endoplasm. The endoplasm freezes you.
You are frozen.
* * * LOW HITPOINT WARNING * * *
You hit the endoplasm but do no damage. The endoplasm freezes you.
You are frozen.
You die...

..#....#......# #....#
..#.....#.....# l##..>.#
..#......#...# .......#
..#..........# #. ...#.#.#
..#........#.# #.# #.JS#.#
.........###.#####.# ###.#.#
.##.###.........##.#######.#.#
.##.# ######.##.##.........#
.##.# #......@J...........#
.##.# #.#.##.##########.###
....# +...#.....# #.# ....#
######.##.# .# ....# ####.##
....#############...#####
..................#......
.....#.>.#.######...#####
##.#######.# ##.##


You could see an endoplasm.

Vanquished Creatures
  2 adders
  2 dart slugs (D:1)
  An endoplasm (D:1)
  3 goblins
  A hobgoblin (D:1)
  A quokka (D:1)
  4 ball pythons (D:1)
  4 bats
  4 frilled lizards (D:1)
  3 kobolds (D:1)
  A rat (D:2)
26 creatures vanquished.

Notes
Turn   | Place    | Note
-------+----------+-------------------------------------------
     0 | D:1      | Edyrem the Kobold Enchanter began the quest for the Orb.
     0 | D:1      | Reached XP level 1. HP: 10/10 MP: 3/3
    77 | D:1      | Reached skill level 1 in Fighting
    77 | D:1      | Reached XP level 2. HP: 4/16 MP: 5/5
   464 | D:1      | Learned a level 2 spell: Ensorcelled Hibernation
   511 | D:1      | Reached XP level 3. HP: 21/21 MP: 6/6
   511 | D:1      | You fall into a shaft and drop 1 floor!
   554 | D:2      | Reached skill level 5 in Stealth
   717 | D:1      | Frozen to death by an endoplasm

Illustrated notes

Levels and vault maps discovered:
D:1:      minmay_arrival_radiant_lines, layout_loops_ring, chequers_arboretum,
          minmay_pentomino_p4
D:2:      layout_basic, serial_shops, nicolae_shop_pleasant_corner_grove,
          minmay_crystal_water, uniq_jessica

Skill      XL: |  1  2  3 |
---------------+----------+-----
Fighting       | 1 2 |  2.3
Stealth        | 5 |  5.3
Short Blades   | |  1.3
Dodging        | |  2.4
Spellcasting   | |  2.1
Hexes          | |  3.0

Action                     || total
---------------------------++-------
  Melee: Dagger            ||    64
   Cast: Ensorcelled Hiber ||     4
   Stab: Sleeping          ||    11
 Armour: Robe              ||     8
  Dodge: Dodged            ||    49
  Block: Other             ||    16
